 Dungeon Crawl Stone Soup version 0.23.1-37-gaa34b87 (webtiles) character file.

Game seed: 0

71873 Fang the Fighter (level 15, -4/104 HPs)
             Began as a Gargoyle Berserker on Mar 19, 2019.
             Was the Champion of Trog.
             Slain by an orc warrior
             ... wielding a +0 halberd
              (11 damage)
             ... on level 2 of the Orcish Mines on Mar 20, 2019.
             The game lasted 00:29:13 (19562 turns).

Fang the Fighter (Gargoyle Berserker)              Turns: 19562, Time: 00:29:13

Health: -4/104     AC: 18    Str: 29    XL:     15   Next: 38%
Magic:  5/5        EV: 13    Int: 13    God:    Trog [******]
Gold:   2115       SH:  3    Dex: 11    Spells: 14/14 levels left

rFire    . . .     SeeInvis +   Q - +9 broad axe (antimagic)
rCold    . . .     Gourm    .   (no shield)
rNeg     + . .     Faith    .   G - +3 plate armour
rPois    ∞         Spirit   .   w - +2 helmet
rElec    +         Reflect  +   (no cloak)
rCorr    .         Harm     .   z - +2 pair of gloves {Str+3}
MR       +....                  l - +2 pair of boots {Fly}
Stlth    ..........             t - +3 amulet of reflection
HPRegen  0.27/turn              N - +4 ring of intelligence
MPRegen  0.09/turn              y - ring of see invisible

@: corroded, berserk cooldown, flying, slowed, very slow
A: big wings, talons 2, rugged brown scales 1, thin skeletal structure 1,
negative energy resistance 1, electricity resistance, unbreathing, petrification
resistance, rot immunity, AC +11
a: Stop Flying, Berserk, Trog's Hand, Brothers in Arms, Renounce Religion


You were on level 2 of the Orcish Mines.
You worshipped Trog.
Trog was exalted by your worship.
You were very hungry.

You visited 3 branches of the dungeon, and saw 23 of its levels.
You also visited: Ossuary.

You collected 2205 gold pieces.
You spent 90 gold pieces at shops.

Inventory:

Hand Weapons
 m - a +4 war axe
 v - a +3 antimagic executioner's axe
 C - a +5 hand axe of chopping
 Q - a +9 antimagic broad axe (weapon)
Armour
 l - a +2 pair of boots of flying (worn)
 w - a +2 helmet (worn)
 z - a +2 pair of gloves of strength (worn)
 D - the +2 cloak of Ret Vioz {-Tele Str+2 Stlth+}
   (You found it on level 9 of the Dungeon)

   It affects your strength (+2).
   It prevents most forms of teleportation.
   It makes you more stealthy.
 G - a +3 plate armour (worn)
Jewellery
 f - an uncursed amulet of the acrobat
 n - an uncursed ring of protection from fire
 q - a +2 ring of protection
 t - a +3 amulet of reflection (around neck)
 y - a ring of see invisible (right hand)
 E - a +4 ring of dexterity
 L - an uncursed ring of protection from cold
 N - a +4 ring of intelligence (left hand)
 R - a +4 ring of protection
Wands
 d - a wand of paralysis (23)
 g - a wand of random effects (38)
 i - a wand of disintegration (31)
 A - a wand of digging (11)
 B - a wand of polymorph (10)
 S - a wand of flame (58)
 T - a wand of enslavement (10)
Scrolls
 j - 12 scrolls of teleportation
 p - 2 scrolls of fog
 F - a scroll of magic mapping
 H - 3 scrolls of fear
 M - 4 scrolls of identify
 O - 16 scrolls of remove curse
 P - 2 scrolls of blinking
Potions
 a - 2 potions of heal wounds
 b - 3 potions of brilliance
 e - 5 potions of mutation
 h - 3 potions of agility
 k - 6 potions of might
 o - a potion of cancellation
 r - 2 potions of ambrosia
 s - 5 potions of lignification
 u - 7 potions of curing
 x - 5 potions of haste
 I - a potion of berserk rage
 J - a potion of invisibility
 K - a potion of resistance
 U - 3 potions of magic
Comestibles
 c - 45 rations


   Skills:
 + Level 14.6 Fighting
 + Level 12.6 Axes
 + Level 14.4 Armour
 + Level 11.5 Dodging


You had 14 spell levels left.
You didn't know any spells.
Your spell library was empty.

Dungeon Overview and Level Annotations

Branches:
Dungeon (15/15)            Temple (0/1) D:7            Lair (6/6) D:11
  Swamp (0/4) Lair:2        Snake (0/4) Lair:4        Slime (0/5) Lair:6
    Orc (2/2) D:11         Vaults (0/5) D:14         Depths (0/5) D:15
    Elf: Orc:2

Altars:
Fedhas
Gozag
Kikubaaqudgha
Ru
Trog
Wu Jian
Xom
Jiyva

Shops:
D:5 =   D:7 (   D:13 }   Orc:2 *?[


Innate Abilities, Weirdness & Mutations

You are resistant to torment.
Your stone body is resilient. (AC +11)
You are immune to poison.
Your large and strong wings let you fly indefinitely.
You resist negative energy. (rN+)
You are resistant to electric shocks. (rElec)
You can survive without breathing.
You are immune to petrification.
You are immune to rotting.
You have razor-sharp toenails.
You are partially covered in rugged brown scales. (AC +1, +3% HP)
You have a somewhat thin skeletal structure. (Dex +2, Stealth)


Message History

The orc warrior hits you from afar with a +0 halberd!
* * * LOW HITPOINT WARNING * * *
Items here: ( ) [ † a +0 war axe; 8 silver tomahawks; a +0 plate armour; an orc corpse
Things that are here:
a +0 dagger; a +0 robe; an orc corpse You feel your anger nearly subside.
You are no longer berserk.
You are exhausted.
You feel yourself slow down.
An orc warrior is nearby!
An orc warrior is nearby!
An orc warrior is nearby!
An orc warrior is nearby!
An orc warrior is nearby!
An orc warrior is nearby!
An orc warrior is nearby!
The orc warrior hits you but does no damage.
The orc warrior hits you from afar with a +0 halberd!
You die...

..........).......
......................
..........................
............................
........<..........#........
..........#........#........
..................#.........
#................#..........
.............∩..@........$..
............................
.....<............o)).......
..................))).......
..................))).......
.....................P......
............................
............................
.................P..........


You could see an orc warrior.

Vanquished Creatures
  Rupert (D:13)
  An ettin (D:12)
  A fire dragon (D:14)
  A vault guard (D:14)
  2 hydras
  2 ice dragons (D:15)
  A catoblepas (Lair:6)
  2 centaur warriors (D:15)
  3 two-headed ogres
  A queen ant (D:11)
  2 orc high priests (Orc:2)
  The ghost of moonlapse the Cleaver, a novice DrMo of Ru (D:9)
  An unseen horror (D:13)
  An orc knight (Orc:2)
  3 wizards (D:14)
  A necromancer (D:14)
  3 lindwurms (Lair:6)
  An orc sorcerer (Orc:2)
  12 ugly things
  4 manticores
  3 cyclopes
  A black mamba (Lair:6)
  8 spiny frogs
  2 gargoyles
  2 torpor snails (Lair:5)
  7 rime drakes
  4 kobold demonologists
  An efreet (D:13)
  5 komodo dragons
  2 polar bears
  2 queen bees (D:9)
  5 trolls
  A polar bear (shapeshifter) (D:15)
  A tyrant leech (Lair:2)
  3 hornets
  Grinder (D:5)
  11 blink frogs
  5 hippogriffs
  Sigmund (D:5)
  A shadow (D:14)
  3 wraiths
  22 yaks
  2 wyverns
  2 basilisks
  21 humans (D:14)
  3 hungry ghosts
  6 vampire mosquitoes (D:15)
  Menkaure (D:5)
  2 nagas (Lair:4)
  A warg (Orc:1)
  4 swamp worms (Lair:2)
  An acid dragon (D:11)
  21 soldier ants
  11 water moccasins
  10 porcupines
  A necrophage (D:7)
  4 ice beasts
  2 black bears
  An eye of draining (shapeshifter) (D:14)
  An eye of draining (D:8)
  19 orc warriors
  2 sky beasts
  3 phantoms
  23 wolves
  4 boggarts (D:15)
  7 ogres
  10 centaurs
  4 big kobolds
  13 crocodiles
  13 bullfrogs
  A gnoll sergeant (D:11)
  2 water moccasin skeletons
  4 scorpions
  43 killer bees
  15 wights
  A howler monkey (D:8)
  3 centaur zombies
  8 crimson imps
  2 bullfrog zombies
  7 hounds
  5 jellies
  11 orc priests
  A centaur skeleton (D:7)
  8 iguanas
  19 orc wizards
  A hell rat (Lair:6)
  27 worker ants
  Terence (D:2)
  A killer bee zombie (D:10)
  A hound zombie (D:9)
  3 mummies (Ossuary)
  Robin (D:2)
  5 gnolls (D:11)
  12 adders
  An ooze (D:7)
  4 adder zombies
  2 worms (D:4)
  5 dart slugs
  5 leopard geckos
  79 orcs
  2 ball pythons
  7 giant cockroaches
  19 goblins
  6 hobgoblins
  26 kobolds
  2 quokkas
  2 bats
  2 frilled lizards (D:4)
  3 goblin zombies (Ossuary)
  3 hobgoblin zombies (Ossuary)
  3 kobold zombies (Ossuary)
  A quokka skeleton (D:4)
  5 rats
  6 plants (Lair:5)
692 creatures vanquished.

Vanquished Creatures (collateral kills)
  A tengu reaver (D:12)
  3 hydras
  2 manticores (Lair:6)
  2 spiny frogs (Lair:6)
  A rime drake (Lair:6)
  A hippogriff (D:9)
  3 yaks (Lair:5)
  2 killer bees (D:9)
  A howler monkey (D:9)
  A plant (Lair:5)
17 creatures vanquished.

Vanquished Creatures (others)
  4 fungi
  A plant (Lair:4)
5 creatures vanquished.

Grand Total: 714 creatures vanquished

Notes
Turn   | Place    | Note
-------+----------+-------------------------------------------
     0 | D:1      | Fang the Gargoyle Berserker began the quest for the Orb.
     0 | D:1      | Reached XP level 1. HP: 14/14 MP: 1/1
    93 | D:1      | Reached XP level 2. HP: 18/19 MP: 2/2
   618 | D:1      | Reached XP level 3. HP: 22/24 MP: 3/3
  1007 | D:2      | Noticed Robin
  1014 | D:2      | Reached ** piety under Trog
  1216 | D:2      | Killed Robin
  1216 | D:2      | Reached XP level 4. HP: 8/29 MP: 4/4
  1663 | D:2      | Noticed Terence
  1676 | D:2      | Killed Terence
  1929 | D:3      | Reached XP level 5. HP: 29/33 MP: 5/5
  2508 | D:4      | Found a sacrificial altar of Ru.
  2555 | D:4      | Reached *** piety under Trog
  2555 | D:4      | Reached XP level 6. HP: 16/39 MP: 6/6
  3332 | D:5      | Entered Level 5 of the Dungeon
  3333 | D:5      | Upgraded the game from 0.23.1 to 0.23.1-37-gaa34b87
  3354 | D:5      | Noticed an ice beast
  3367 | D:5      | Killed an ice beast
  3367 | D:5      | Reached skill level 5 in Fighting
  3367 | D:5      | Reached XP level 7. HP: 40/44 MP: 7/7
  3523 | D:5      | Noticed Sigmund
  3538 | D:5      | Killed Sigmund
  3616 | D:5      | Noticed Menkaure
  3623 | D:5      | Killed Menkaure
  3623 | D:5      | Reached skill level 5 in Armour
  3745 | D:5      | Noticed Grinder
  3754 | D:5      | Killed Grinder
  3754 | D:5      | Reached skill level 5 in Axes
  3754 | D:5      | Reached XP level 8. HP: 46/51 MP: 8/8
  4032 | D:5      | Found a blossoming altar of Fedhas.
  4049 | D:5      | Found Pateovac's Jewellery Boutique.
  4402 | D:6      | Found a sand-covered staircase.
  4408 | Ossuary  | Entered an ossuary
  4408 | Ossuary  | Noticed a wraith
  4408 | Ossuary  | Noticed a wraith
  4408 | Ossuary  | Noticed a wraith
  4447 | Ossuary  | Reached **** piety under Trog
  4668 | Ossuary  | Noticed a wraith
  4676 | Ossuary  | Killed a wraith
  5345 | D:7      | Gained mutation: You have sharp toenails. [potion of
                  | mutation]
  5345 | D:7      | Gained mutation: You are partially covered in rugged brown
                  | scales. (AC +1, +3% HP) [potion of mutation]
  5345 | D:7      | Gained mutation: You have a somewhat thin skeletal
                  | structure. (Dex +2, Stealth) [potion of mutation]
  5345 | D:7      | Gained mutation: You have razor-sharp toenails. [potion of
                  | mutation]
  5394 | D:7      | Reached XP level 9. HP: 54/57 MP: 9/9
  5397 | D:7      | Found Viussol's Weapon Boutique.
  5440 | D:7      | Reached skill level 5 in Dodging
  5584 | D:7      | Found a staircase to the Ecumenical Temple.
  6056 | D:8      | Noticed a purple ugly thing
  6071 | D:8      | Noticed a two-headed ogre
  6086 | D:8      | Reached XP level 10. HP: 47/65 MP: 10/10
  6088 | D:8      | Killed a two-headed ogre
  6168 | D:8      | Killed a purple ugly thing
  6557 | D:8      | Noticed a manticore
  6566 | D:8      | Killed a manticore
  6684 | D:8      | Reached ***** piety under Trog
  6858 | D:9      | Reached XP level 11. HP: 67/73 MP: 11/11
  6967 | D:9      | Found a transporter.
  6969 | D:9      | Found a transporter.
  7047 | D:9      | Found an ornate altar of the Wu Jian Council.
  7150 | D:9      | Reached skill level 10 in Fighting
  7319 | D:9      | Found an opulent altar of Gozag.
  7577 | D:9      | Noticed moonlapse's ghost (novice DrMo)
  7595 | D:9      | Killed moonlapse's ghost
  7595 | D:9      | Received a gift from Trog
  7596 | D:9      | Reached skill level 10 in Armour
  7681 | D:9      | Got a steaming cloak
  7687 | D:9      | Identified the +2 cloak of Ret Vioz {-Tele Str+2 Stlth+}
                  | (You found it on level 9 of the Dungeon)
  7699 | D:10     | Entered Level 10 of the Dungeon
  8578 | D:11     | Found a staircase to the Lair.
  8583 | D:11     | Noticed a green ugly thing
  8806 | D:11     | Killed a green ugly thing
  8927 | D:11     | Reached XP level 12. HP: 77/81 MP: 12/12
  9057 | D:11     | Found a staircase to the Orcish Mines.
  9062 | D:11     | Received a gift from Trog
  9174 | D:11     | Noticed a queen ant
  9184 | D:11     | Killed a queen ant
  9271 | D:11     | Reached ****** piety under Trog
  9519 | Lair:1   | Entered Level 1 of the Lair of Beasts
 10104 | Lair:2   | Reached skill level 10 in Axes
 10666 | Lair:2   | Found a staircase to the Swamp.
 11077 | Lair:3   | Reached XP level 13. HP: 88/88 MP: 4/13
 12151 | Lair:4   | Found a staircase to the Snake Pit.
 12710 | Lair:5   | Identified a scroll of acquirement
 12767 | Lair:5   | Received a gift from Trog
 13252 | Lair:5   | Reached skill level 10 in Dodging
 13633 | Lair:6   | Entered Level 6 of the Lair of Beasts
 14406 | Lair:6   | Gained mutation: Your large and strong wings let you fly
                  | indefinitely. [Gargoyle growth]
 14406 | Lair:6   | Reached XP level 14. HP: 96/96 MP: 4/14
 14670 | Lair:6   | Found a viscous altar of Jiyva.
 14671 | Lair:6   | Found a staircase to the Slime Pits.
 15407 | D:12     | Found a large runed translucent door.
 15408 | D:12     | Found a large runed translucent door.
 16092 | D:12     | Found a shimmering altar of Xom.
 16105 | D:12     | Noticed a tengu reaver
 16127 | D:12     | Killed a tengu reaver
 16131 | D:12     | Found a bloodstained altar of Trog.
 16417 | D:13     | Found an ancient bone altar of Kikubaaqudgha.
 16421 | D:13     | Noticed Rupert
 16429 | D:13     | Paralysed by Rupert for 3 turns
 16441 | D:13     | Killed Rupert
 16798 | D:13     | Found Rocuf's Gadget Emporium.
 17067 | D:14     | Received a gift from Trog
 17257 | D:14     | Found a gate to the Vaults.
 17677 | D:15     | Entered Level 15 of the Dungeon
 17781 | D:15     | Reached XP level 15. HP: 87/103 MP: 5/15
 18105 | D:15     | Received a gift from Trog
 18315 | D:15     | Found a staircase to the Depths.
 18652 | Orc:1    | Entered Level 1 of the Orcish Mines
 19078 | Orc:2    | Entered Level 2 of the Orcish Mines
 19078 | Orc:2    | Found Vuxon's Magic Scroll Emporium.
 19112 | Orc:2    | Found Buufu's General Store.
 19427 | Orc:2    | Received a gift from Trog
 19523 | Orc:2    | Bought a scroll of enchant weapon for 90 gold pieces
 19528 | Orc:2    | Found Ovisithra's Antique Armour Shoppe.
 19562 | Orc:2    | Slain by an orc warrior

Skill      XL: |  1  2  3  4  5  6  7  8  9 10 11 12 13 14 |
---------------+-------------------------------------------+-----
Axes           | 3 4 5 6 8 9 10 11 12 | 12.6
Dodging        | 2 3 4 5 7 8 9 10 11 | 11.5
Armour         | 3 4 5 6 7 9 10 11 12 14 | 14.4
Fighting       | 4 5 6 8 9 10 12 13 14 | 14.6

Action                   |  1- 3 |  4- 6 |  7- 9 | 10-12 | 13-15 || total
-------------------------+-------+-------+-------+-------+-------++-------
Melee: Hand axe          |    87 |     3 |   240 |   527 |       ||   857
       War axe           |       |   187 |    58 |       |       ||   245
       Broad axe         |       |       |       |   318 |   795 ||  1113
       Executioner's axe |       |       |       |       |    15 ||    15
Invok: Berserk           |     2 |     2 |     3 |     2 |     9 ||    18
       Brothers in Arms  |       |       |       |     1 |     7 ||     8
       Trog's Hand       |       |       |       |       |     3 ||     3
  Use: Scroll            |       |       |    20 |    12 |    13 ||    45
       Potion            |       |       |     1 |       |     6 ||     7
 Stab: Sleeping          |     1 |       |       |       |       ||     1
       Paralysed         |       |     1 |       |       |       ||     1
       Distracted        |       |       |       |       |     1 ||     1
  Eat: Chunk             |     2 |     9 |     8 |    25 |    33 ||    77
       Ration            |       |       |     1 |       |     2 ||     3
Armor: Animal skin       |    29 |       |       |       |       ||    29
       Chain mail        |       |   110 |    70 |       |       ||   180
       Plate armour      |       |       |   162 |   657 |   904 ||  1723
Dodge: Dodged            |    50 |    70 |   149 |   557 |   716 ||  1542
Block: Other             |       |    10 |    43 |   110 |   148 ||   311
       Reflection        |       |       |     1 |       |     2 ||     3
